 Dungeon Crawl Stone Soup version 0.32-a0-520-g344ed53f66 (webtiles) character file.

Game seed: 10840417235807637075

4793 lunkers the Cleaver (level 10, -6/88 (93) HPs)
             Began as a Mountain Dwarf Cinder Acolyte on Feb 27, 2024.
             Was an Initiate of the Shining One.
             Mangled by a troll (11 damage)
             ... on level 9 of the Dungeon.
             The game lasted 00:18:13 (7063 turns).

lunkers the Cleaver (Mountain Dwarf Cinder Acolyte) Turns: 7063, Time: 00:18:14

HP:   -6/88 (93)    AC: 11    Str: 23    XL:     10   Next: 24%
MP:   11/11         EV: 11    Int: 18    God:    the Shining One [......]
Gold: 274           SH:  0    Dex:  5    Spells: 9/11 levels left

rFire   . . .        a - +2 battleaxe
rCold   . . .        (shield currently unavailable)
rNeg    . . .        A - +0 steam dragon scales
rPois   +            (no helmet)
rElec   .            r - +0 cloak
rCorr   .            w - +0 pair of gloves
SInv    .            (no boots)
Will    ++...        s - amulet of Tisydun {Acrobat Will+ Str+5}
Stlth   +            f - +4 ring of protection
HPRegen 0.34/turn    e - ring of poison resistance
MPRegen 0.12/turn

%: acrobat
@: glowing, drained, fire susceptible
A: runic magic, artefact enchanting
a: Renounce Religion


You were on level 9 of the Dungeon.
You worshipped the Shining One.
The Shining One was noncommittal.
You visited 2 branches of the dungeon, and saw 9 of its levels.

You collected 274 gold pieces.

Inventory:

Hand Weapons
 a - a +2 battleaxe (weapon)
 o - a +3 dagger
 p - a +0 hand axe of flaming
Armour
 r - a +0 cloak (worn)
 w - a +0 pair of gloves (worn)
 A - +0 steam dragon scales (worn)
Jewellery
 e - a ring of poison resistance (right hand)
 f - a +4 ring of protection (left hand)
 n - a ring of willpower
 s - the amulet of Tisydun (around neck) {Acrobat Will+ Str+5}
   (You found it on level 4 of the Dungeon)

   [amulet of the acrobat]

   Acrobat:   It increases your evasion while moving and waiting.
   Str+5:     It affects your strength (+5).
   Will+:     It increases your willpower.
 x - a ring of see invisible
 y - a ring of positive energy
 C - a ring of wizardry
 E - a ring of positive energy
Wands
 c - a wand of warping (10)
 B - a wand of paralysis (2)
Scrolls
 b - a scroll of butterflies {unknown}
 d - a scroll of vulnerability
 g - 3 scrolls of enchant weapon
 m - 3 scrolls of teleportation
 t - 2 scrolls of amnesia
 u - 3 scrolls of poison
Potions
 h - a potion of magic
 i - a potion of heal wounds
 j - 2 potions of invisibility
 k - 2 potions of curing
 q - 2 potions of resistance
 v - a potion of enlightenment {unknown}
 z - a potion of brilliance {unknown}
 D - a potion of might {unknown}
 F - a potion of cancellation {unknown}


   Skills:
 - Level 10.2 Fighting
 + Level 14.8 Axes
 - Level 1.0 Spellcasting
 - Level 3.6 Fire Magic


You had 9 spell levels left.
You knew the following spells:

 Your Spells              Type           Power      Damage    Failure   Level
b - Scorch                Fire           26%        2d6       7%          2

Your spell library contained the following spells:

 Spells                   Type           Power      Damage    Failure   Level
 Apportation              Tloc           0%         N/A       21%         1
 Cigotuvi's Dreadful Rot  Necr/Alch/Air  0%         N/A       30%         2
 Jinxbite                 Hex            0%         N/A       30%         2
 Stone Arrow              Conj/Erth      0%         3d7       52%         3
 Ignite Poison            Fire/Alch      7%         N/A       67%         4
 Animate Armour           Summ/Erth      0%         N/A       89%         4
 Olgreb's Toxic Radiance  Alch           0%         N/A       89%         4
 Alistair's Intoxication  Alch           0%         N/A       99%         5
 Freezing Cloud           Conj/Ice/Air   0%         6-21      99%         5
 Haunt                    Necr/Summ      0%         N/A       100%        7
 Ozocubu's Refrigeration  Ice            0%         4d7       100%        7
 Borgnjor's Revivificati  Necr           0%         N/A       100%        8
 Discord                  Hex            0%         N/A       100%        8
 Lehudib's Crystal Spear  Conj/Erth      0%         10d2      100%        8
 Death's Door             Necr           0%         N/A       100%        9


Dungeon Overview and Level Annotations

Branches:
Dungeon (9/15)             Temple (1/1) D:7
   Lair: D:8-11         Orc: D:9-12

Altars:
Ashenzari
Cheibriados
Dithmenos
Elyvilon
Fedhas
Gozag
Hepliaklqana
Kikubaaqudgha
Makhleb
Nemelex Xobeh
Okawaru
Qazlal
Ru
Sif Muna
Trog
Uskayaw
Vehumet
Wu Jian
Yredelemnul
Zin
The Shining One

Shops:
D:1 :   D:6 =

Annotations:
D:5 2 transporters


Innate Abilities, Weirdness & Mutations

Your spellcasting is much less encumbered by armour.
You can use scrolls of enchantment on lesser artefacts.


Message History

* * * LOW HITPOINT WARNING * * *
You slice the fire elemental!!
You destroy the fire elemental!
That felt strangely unrewarding.
You closely miss the fire elemental. The fire elemental hits you.
The fire elemental burns you!
* * * LOW HITPOINT WARNING * * *
The fire elemental closely misses you.
Ignis burns the ground from beneath your feet!
You fall into a shaft and drop 2 floors!
The shaft crumbles and collapses.
You hear the roar of battle.
There is an entrance to a bailey on this level.
Hurry and find it before the portal closes forever!
The divine experience drains your vigour!
You feel yourself slow down.
Found a stone staircase leading up.
A troll comes into view.
Unknown command.
The troll closely misses you. The troll completely misses you.
The troll claws you but does no damage. The troll closely misses you.
The troll claws you.
* * * LOW HITPOINT WARNING * * *
The troll completely misses you.
You hit the troll.
The troll is lightly wounded.
The troll bites you!
* * * LOW HITPOINT WARNING * * *
The troll claws you but does no damage. The troll barely misses you.
You closely miss the troll.
The troll is lightly wounded.
You feel yourself speed up. The troll bites you!
* * * LOW HITPOINT WARNING * * *
The troll barely misses you. The troll misses you.
You closely miss the troll.
The troll is lightly wounded.
The troll bites you but does no damage. The troll closely misses you. x2
You barely miss the troll.
The troll is lightly wounded.
The troll bites you!
You die...

#######+#####
#...........#
#...<.......#
#...........#
#....@......#
#.....T.....#
#...........#
#...........#
+...........#
#...###....##
#... ....#
.... ....#


You could see a troll.

Vanquished Creatures
  Pikel (D:4)
  Maggie (D:7)
  An unseen horror zombie (D:7)
  A fire elemental (D:7)
  A steam dragon (D:6)
  A sky beast (D:7)
  A black bear (D:7)
  2 hornet zombies (D:7)
  3 ice beasts
  An ogre (D:4)
  4 lemures (D:4)
  A phantom (D:5)
  A kobold brigand (D:6)
  3 bullfrogs
  3 wyvern zombies (D:7)
  A water moccasin zombie (D:7)
  18 wights (D:7)
  12 killer bees (D:7)
  A howler monkey (D:7)
  4 bombardier beetles
  A bullfrog zombie (D:7)
  2 centaur zombies (D:7)
  2 jellies (D:4)
  A sleepcap (D:5)
  5 hounds
  An orc priest (D:6)
  2 iguanas
  3 orc wizards (D:6)
  3 killer bee zombies (D:7)
  A howler monkey zombie (D:7)
  10 adders
  2 gnolls
  A white imp (D:4)
  4 ufetubi
  2 ribbon worms
  A dart slug (D:1)
  13 orcs
  4 bats
  8 endoplasms
  4 giant cockroaches
  9 hobgoblins
  4 jackals (D:2)
  3 kobolds
  3 quokkas
  9 ball pythons
  4 frilled lizards
  4 goblins
  8 rats
175 creatures vanquished.

Vanquished Creatures (others)
  167 foxfires
167 creatures vanquished.

Grand Total: 342 creatures vanquished

Notes
Turn   | Place    | Note
-------+----------+-------------------------------------------
     0 | D:1      | lunkers the Mountain Dwarf Cinder Acolyte began the quest
                  | for the Orb.
     0 | D:1      | Reached XP level 1. HP: 19/19 MP: 2/2
    51 | D:1      | Reached skill level 4 in Axes
   183 | D:1      | Reached XP level 2. HP: 22/26 MP: 3/3
   352 | D:1      | Found Roufiu's Book Boutique.
   352 | D:1      | Noticed a walking earthen tome
   353 | D:1      | Noticed a walking divine tome
   591 | D:2      | Learned a level 2 spell: Scorch
   617 | D:2      | Reached skill level 5 in Axes
   617 | D:2      | Reached XP level 3. HP: 26/31 MP: 4/4
  1119 | D:2      | Reached XP level 4. HP: 35/38 MP: 2/5
  1120 | D:2      | Reached skill level 6 in Axes
  1740 | D:3      | Found an ornate altar of the Wu Jian Council.
  1858 | D:3      | Found a snail-covered altar of Cheibriados.
  1869 | D:3      | Found a shadowy altar of Dithmenos.
  2043 | D:3      | Found a faded altar of an unknown god.
  2052 | D:3      | Reached XP level 5. HP: 44/45 MP: 1/6
  2145 | D:4      | Identified the amulet of Tisydun {Acrobat Will+ Str+5}
  2171 | D:4      | Reached skill level 7 in Axes
  2269 | D:4      | Noticed an ogre
  2276 | D:4      | Killed an ogre
  2277 | D:4      | Reached skill level 8 in Axes
  2277 | D:4      | Reached XP level 6. HP: 15/51 MP: 0/7
  2701 | D:4      | Noticed Pikel
  2747 | D:4      | Killed Pikel
  2748 | D:4      | Reached skill level 10 in Axes
  2748 | D:4      | Reached XP level 7. HP: 40/57 MP: 1/8
  2880 | D:4      | Reached skill level 11 in Axes
  3052 | D:5      | Entered Level 5 of the Dungeon
  3154 | D:5      | Found a transporter.
  3238 | D:5      | Reached XP level 8. HP: 63/63 MP: 2/9
  3512 | D:5      | Reached skill level 12 in Axes
  3707 | D:5      | Found a burning altar of Makhleb.
  3805 | D:5      | Found a transporter.
  4005 | D:6      | Reached skill level 5 in Fighting
  4623 | D:6      | Found a broken altar of Ashenzari.
  4751 | D:6      | Found Hiaxziol's Jewellery Emporium.
  4990 | D:6      | Found a radiant altar of Vehumet.
  5047 | D:6      | Found a sacrificial altar of Ru.
  5450 | D:7      | Reached XP level 9. HP: 75/80 MP: 5/10
  5765 | D:7      | Reached skill level 10 in Fighting
  6023 | D:7      | Reached skill level 13 in Axes
  6396 | D:7      | Noticed Maggie
  6404 | D:7      | Killed Maggie
  6405 | D:7      | Reached skill level 14 in Axes
  6405 | D:7      | Reached XP level 10. HP: 39/93 MP: 11/11
  6642 | D:7      | Found a staircase to the Ecumenical Temple.
  6654 | Temple   | Entered the Ecumenical Temple
  6739 | Temple   | Fell from the grace of Ignis
  6739 | Temple   | Became a worshipper of the Shining One
  7050 | D:7      | You fall into a shaft and drop 2 floors!
  7061 | D:9      | HP: 4/88 [troll (12)]
  7063 | D:9      | Mangled by a troll

Illustrated notes

Levels and vault maps discovered:
D:1:      psy_arrival_fountain, layout_rooms, serial_shops,
          nicolae_shop_mannequins
D:2:      layout_loops_ring
D:3:      layout_rooms, nicolae_wu_jian_wuxing_cycle,
          amethyst_overflow_temple_binary,
          shapermc_ecumenical_altar_mp_vishouse, bh_walls_and_bars
D:4:      layout_rooms, uniq_pikel
D:5:      gammafunk_wand_slinger, layout_cave_pools, lemuel_tele_altar
D:6:      layout_gridville, jmf_multi_god_temple2, lemuel_round_altar,
          minmay_shop_enchanted_jewellery
D:7:      layout_gridville, minmay_temple_entry_grid, serial_undead,
          serial_undead_f, serial_undead_a, serial_undead_a, serial_undead_b,
          serial_undead_c, serial_undead_b, serial_undead_f, serial_undead_a,
          serial_undead_f, serial_undead_e, uniq_maggie
D:9:      minmay_bubble_buster, layout_stronghold, gammafunk_ghost_spectres,
          enter_bailey_5
Temple:   compressed_dpeg_circular_temple

Skill      XL: |  1  2  3  4  5  6  7  8  9 |
---------------+----------------------------+-----
Axes           | 4 5 6 8 10 11 12 14 | 14.8
Fighting       | 8 10 | 10.2
Spellcasting   | |  1.0
Fire Magic     | |  3.6

Action                     |  1- 3 |  4- 6 |  7- 9 | 10-12 || total
---------------------------+-------+-------+-------+-------++-------
  Melee: Hand axe          |   121 |   109 |   184 |       ||   414
         Battleaxe         |       |       |    53 |    41 ||    94
   Cast: Scorch            |     4 |    21 |    60 |       ||    85
 Invoke: Foxfire Swarm     |       |     3 |     4 |     2 ||     9
    Use: Scroll            |       |       |    13 |       ||    13
 Armour: Robe              |    79 |     5 |       |       ||    84
         Ring mail         |       |    71 |   199 |     5 ||   275
         Steam dragon scal |       |       |       |    39 ||    39
         Skin              |       |       |       |     3 ||     3
  Dodge: Dodged            |    78 |    63 |   137 |    44 ||   322
         Repelled          |     1 |       |     2 |       ||     3

Table legend: (Time is in decaauts)
 A = Elapsed time spent in this place.
 B = Non-inter-level travel time spent in this place.
 C = Inter-level travel time spent in this place.
 D = Time resting spent in this place.
 E = Time spent auto-exploring this place.
 F = Levels seen in this place.
 G = Mean time per level.
                   A        B        C        D        E       F      G
               +--------+--------+--------+--------+--------+-----+--------+
         Total |   7012 |   6825 |    187 |    294 |   5191 |   9 |  779.1 |
       Dungeon |   6915 |   6769 |    146 |    294 |   5191 |   8 |  864.4 |
        Temple |     96 |     55 |     41 |      0 |      0 |   1 |   96.0 |
               +--------+--------+--------+--------+--------+-----+--------+

Top non-repeatable levels by time:
     D:7: 1540 daAuts
     D:6: 1475 daAuts
     D:4: 896 daAuts
     D:2: 846 daAuts
     D:5: 838 daAuts
     D:1: 694 daAuts
     D:3: 605 daAuts
  Temple: 96 daAuts
     D:9: 18 daAuts
